 Dungeon Crawl Stone Soup version 0.30-a0-738-g116ff8c4af (webtiles) character file.

Game seed: 10335655405949193723

315 DeathSun the Ruffian (level 6, 0/47 HPs)
             Began as a Draconian Transmuter on Feb 3, 2023.
             Was a Follower of Lugonu.
             Slain by a black bear (5 damage)
             ... on level 4 of the Dungeon.
             The game lasted 00:05:29 (3089 turns).

DeathSun the Ruffian (Draconian Transmuter)         Turns: 3089, Time: 00:05:30

Health: 0/47       AC:  6    Str: 14    XL:     6   Next: 20%
Magic:  8/9        EV: 12    Int: 14    God:    Lugonu [*.....]
Gold:   299        SH:  0    Dex: 11    Spells: 6/9 levels left

rFire   . . .      SeeInvis .      - Unarmed
rCold   . . .      Faith    .    (no shield)
rNeg    . . .      Spirit   .    (body armour unavailable)
rPois   .          Reflect  .    (helmet currently unavailable)
rElec   .          Harm     .    p - scarf {repulsion}
rCorr   .          Rampage  .    (no gloves)
Will    .....                    (boots currently unavailable)
Stlth   +                        (no amulet)
HPRegen 0.27/turn                (no ring)
MPRegen 0.11/turn                (no ring)

@: appendages, wereblooded (expiring), repel missiles
A: horns 2, talons 2, AC +6, unfitting armour, cold-blooded
a: End Transformation, Renounce Religion, Depart the Abyss


You were on level 4 of the Dungeon.
You worshipped Lugonu.
Lugonu was aware of your devotion.
You had temporarily grown beastly horns and talons.
You visited 1 branch of the dungeon, and saw 4 of its levels.

You collected 299 gold pieces.

Inventory:

Missiles
 b - 22 poisoned darts
Armour
 p - a scarf of repulsion (worn)
Wands
 n - a wand of roots (11)
Scrolls
 d - a scroll of fear {unknown}
 e - a scroll of noise {unknown}
 f - a scroll of immolation {unknown}
 g - 2 scrolls of identify {unknown}
 i - a scroll of fog {unknown}
 o - a scroll of butterflies {unknown}
Potions
 a - a potion of lignification
 c - 6 potions of curing {unknown}
 h - a potion of attraction {unknown}
 j - 3 potions of magic {unknown}
 k - 2 potions of might
 l - 2 potions of degeneration {unknown}
 m - a potion of heal wounds {unknown}
 q - a potion of brilliance {unknown}
 r - a potion of mutation {unknown}
 s - a potion of cancellation {unknown}


   Skills:
 - Level 1.1 Fighting
 - Level 1.7 Dodging
 * Level 5.6 Unarmed Combat
 - Level 2.0 Spellcasting
 + Level 3.8 Transmutations
 + Level 2.2 Invocations


You had 6 spell levels left.
You knew the following spells:

 Your Spells              Type           Power      Damage    Failure   Level
a - Beastly Appendage     Tmut           24%        N/A       4%          1
b - Wereblood             Tmut           12%        N/A       8%          2

Your spell library contained the following spells:

 Spells                   Type           Power      Damage    Failure   Level
 Spider Form              Tmut/Pois      6%         N/A       32%         3
 Ensorcelled Hibernation  Hex/Ice        2%         N/A       34%         2
 Dazzling Flash           Conj/Hex       2%         N/A       56%         3
 Ice Form                 Ice/Tmut       6%         N/A       71%         4
 Anguish                  Hex/Necr       0%         N/A       93%         4
 Agony                    Necr           1%         N/A       100%        5
 Silence                  Hex/Air        0%         N/A       100%        5


Dungeon Overview and Level Annotations

Branches:
Dungeon (4/15)             Temple (0/1) D:4

Altars:
Qazlal
Sif Muna
Vehumet
The Shining One
Lugonu

Shops:
D:3 [


Innate Abilities, Weirdness & Mutations

You have temporarily grown beastly horns and talons.
Your plain brown scales are hard. (AC +6)
You cannot fit into any form of body armour.
You are cold-blooded and may be slowed by cold attacks.


Message History

You hit the black bear.
The black bear is almost dead.
The black bear bites you. The black bear claws you.
The black bear completely misses you. The gnoll hits you with a +0 club.
The gnoll completely misses you. The gnoll hits you but does no damage.
The black bear barely misses you. The black bear closely misses you.
The black bear claws you. The gnoll hits you but does no damage.
The black bear bites you. The black bear claws you.
* * * LOW HITPOINT WARNING * * *
The black bear claws you but does no damage.
The gnoll attacks as you move away! The gnoll hits you with a +0 club.
* * * LOW HITPOINT WARNING * * *
You howl as the wereblood boils in your veins!
You hear a shout!
A gnoll bouda comes into view. It is wielding a +0 club.
Casting: Wereblood (safe; 8% risk of failure)
Confirm with . or Enter, or press ? or * to list all spells.
You grow a pair of large bovine horns.
Your feet morph into talons.
Your primal bloodlust is almost over.
The black bear barely misses you. The black bear claws you.
* * * LOW HITPOINT WARNING * * *
The black bear barely misses you.
A gnoll comes into view. It is wielding a +0 club.
The black bear closely misses you. The black bear barely misses you.
The black bear misses you. The black bear barely misses you.
The black bear claws you but does no damage. x2
The gnoll hits you with a +0 club.
* * * LOW HITPOINT WARNING * * *
The gnoll closely misses you.
The gnoll bouda barks out a call to the hunt!
The gnolls pick up the pace!
The gnoll barely misses you.
You completely miss the black bear. Your kick misses the black bear.
Your punch misses the black bear.
The black bear is almost dead.
The black bear barely misses you.
The black bear claws you but does no damage.
The black bear claws you.
You die...

#. ## .#### ..
...># #g ...# #<.
?..# #####.##g.#
#......#?......g.#
#......#.###.#hg.#
#......# #..@g.# #
#......#.#####..##
# #......#........#
# #....(.#####..#.#
# #......#####..#.#
# #......'†.....#.#
###......######.#.#
..†......# #...#
.##......# #####


You could see a black bear (berserk), a gnoll bouda and 4 gnolls.

Vanquished Creatures
  A sky beast (D:4)
  A necrophage (D:4)
  An orc priest (D:3)
  3 gnolls
  3 adders (D:2)
  A dart slug (D:3)
  8 orcs
  2 bats (D:1)
  8 endoplasms
  2 giant cockroaches (D:2)
  6 goblins
  9 hobgoblins
  3 jackals (D:3)
  3 quokkas
  7 ball pythons
  A frilled lizard (D:1)
  10 kobolds
  4 rats (D:1)
73 creatures vanquished.

Vanquished Creatures (others)
  An endoplasm (D:3)
  3 plants (D:1)
4 creatures vanquished.

Grand Total: 77 creatures vanquished

Notes
Turn   | Place    | Note
-------+----------+-------------------------------------------
     0 | D:1      | DeathSun the Draconian Transmuter began the quest for the
                  | Orb.
     0 | D:1      | Reached XP level 1. HP: 16/16 MP: 3/3
   276 | D:1      | Reached XP level 2. HP: 22/23 MP: 3/5
   882 | D:2      | Learned a level 2 spell: Wereblood
   922 | D:2      | Reached XP level 3. HP: 28/28 MP: 4/6
  1054 | D:2      | Reached skill level 4 in Unarmed Combat
  1440 | D:3      | Found a stormy altar of Qazlal.
  1453 | D:2      | Reached XP level 4. HP: 35/35 MP: 7/7
  1574 | D:3      | Found a faded altar of an unknown god.
  1631 | D:3      | Prayed at the altar of an unknown god.
  1631 | D:3      | Became a worshipper of Lugonu the Unformed
  1631 | D:3      | Reached * piety under Lugonu
  1756 | D:3      | Found a radiant altar of Vehumet.
  2188 | D:3      | Found Saycvok's Armour Shoppe.
  2204 | D:3      | Found a shimmering blue altar of Sif Muna.
  2363 | D:3      | Reached skill level 1 in Invocations
  2363 | D:3      | Reached XP level 5. HP: 17/40 MP: 8/8
  2397 | D:3      | Reached skill level 5 in Unarmed Combat
  2672 | D:4      | Found a glowing golden altar of the Shining One.
  2813 | D:4      | Noticed a sky beast
  2828 | D:4      | Killed a sky beast
  2901 | D:4      | Found a staircase to the Ecumenical Temple.
  3016 | D:4      | Reached XP level 6. HP: 38/47 MP: 6/9
  3089 | D:4      | Slain by a black bear

Illustrated notes

Levels and vault maps discovered:
D:1:      nicolae_arrival_somewhat_less_tricky_arrival, layout_rooms,
          serial_forest, infiniplex_forest_lined_2,
          infiniplex_forest_end_double, infiniplex_forest_end_3,
          infiniplex_forest_lined_4_way, infiniplex_forest_lined_room_2,
          minmay_box_of_dots
D:2:      layout_basic
D:3:      layout_basic, fiery_altar_vehumet, nicolae_qazlal_general_emergency,
          mainiacjoe_overflow_chevrons, basic_ecumenical_altar, serial_shops,
          nicolae_lakefront_shop, minmay_circle_x
D:4:      layout_basic, general_overflow_altar, minmay_temple_entry_fiery

Skill      XL: |  1  2  3  4  5 |
---------------+----------------+-----
Unarmed Combat | 4 5 |  5.6
Transmutations | 3 |  3.8
Invocations    | 1 2 |  2.2
Fighting       | |  1.1
Dodging        | |  1.7
Spellcasting   | |  2.0

Action                     |  1- 3 |  4- 6 || total
---------------------------+-------+-------++-------
  Melee: Unarmed           |   158 |    89 ||   247
         Tailslap          |    31 |     9 ||    40
         Headbutt          |    10 |    11 ||    21
         Kick              |    15 |    17 ||    32
         Punch             |     7 |     1 ||     8
   Cast: Beastly Appendage |    26 |    20 ||    46
         Wereblood         |       |     7 ||     7
 Armour: Skin              |    35 |    37 ||    72
  Dodge: Dodged            |    66 |    64 ||   130

Table legend: (Time is in decaauts)
 A = Elapsed time spent in this place.
 B = Non-inter-level travel time spent in this place.
 C = Inter-level travel time spent in this place.
 D = Time resting spent in this place.
 E = Time spent auto-exploring this place.
 F = Levels seen in this place.
 G = Mean time per level.
                   A        B        C        D        E       F      G
               +--------+--------+--------+--------+--------+-----+--------+
         Total |   3080 |   2917 |    163 |      0 |   2299 |   4 |  770.0 |
       Dungeon |   3080 |   2917 |    163 |      0 |   2299 |   4 |  770.0 |
               +--------+--------+--------+--------+--------+-----+--------+

Top non-repeatable levels by time:
     D:3: 907 daAuts
     D:1: 865 daAuts
     D:2: 821 daAuts
     D:4: 486 daAuts
